 Dungeon Crawl Stone Soup version 0.29.1-15-g9cfb28693d (webtiles) character file.

Game seed: 10857144825223735191

137473 McKennaii the Gelid (level 16, -4/105 HPs)
             Began as a Demigod Ice Elementalist on Feb 26, 2023.
             Killed from afar by an eleionoma (40 damage)
             ... with a spray of wooden splinters
             ... on level 2 of the Swamp.
             The game lasted 01:21:22 (41713 turns).

McKennaii the Gelid (Demigod Ice Elementalist)     Turns: 41713, Time: 01:21:22

Health: -4/105     AC: 18    Str:  9    XL:     16   Next: 19%
Magic:  5/42       EV: 11    Int: 40    God:
Gold:   1223       SH:  0    Dex: 17    Spells: 9/48 levels left

rFire   + + +      SeeInvis .   q - +3 Elemental Staff {rElec rF++ rC++ AC+5}
rCold   + . .      Faith    .   (no shield)
rNeg    . . .      Spirit   .   L - +3 salamander hide armour {Flames rF++ rC--}
rPois   .          Reflect  .   R - +0 helmet
rElec   +          Harm     .   g - +1 cloak
rCorr   .          Rampage  .   v - +0 pair of gloves
Will    +....                   n - +2 pair of boots
Stlth   ++........              H - amulet of the acrobat
HPRegen 0.27/turn               A - ring of Ihimm {Wiz Int+3 Dex+3}
MPRegen 0.28/turn               d - ring of ice

@: about to teleport
A: high MP 1, forlorn, divine attributes
a: no special abilities


You were on level 2 of the Swamp.
You visited 4 branches of the dungeon, and saw 25 of its levels.
You also visited: Ice Cave.

You collected 3894 gold pieces.
You spent 2671 gold pieces at shops.

Inventory:

Hand Weapons
 q - the +3 Elemental Staff (weapon) {rElec rF++ rC++ AC+5}
   (You acquired it on level 2 of the Orcish Mines)

   If the wielder is skilled in Evocations, they can discharge powerful blasts
   of elemental energy when striking with it.
   It enhances your fire, ice, earth and air magic.
   AC:        It affects your AC (+5).
   rF:        It greatly protects you from fire.
   rC:        It greatly protects you from cold.
   rElec:     It insulates you from electricity.
 E - the +8 hand axe of the Slime-mould {holy, Will+}
   (You found it on level 7 of the Dungeon)

   It has been blessed by the Shining One to cause great damage to the undead
   and demons.
   Will:      It increases your willpower.
 N - the +8 whip "Snakebite" {venom, curare, rPois}
   (You took it off Amaemon on level 9 of the Dungeon)

   It poisons the flesh of those it strikes.
   It occasionally inflicts asphyxiating poison on those it strikes, dealing
   poison damage and causing slowness.
   rPois:     It protects you from poison.
 P - a +3 halberd
 Z - a +3 trident
Armour
 g - a +1 cloak (worn)
 n - a +2 pair of boots (worn)
 v - a +0 pair of gloves (worn)
 L - the +3 salamander hide armour (worn) {Flames rF++ rC--}
   (You found it on level 13 of the Dungeon)

   It surrounds you with a cloud of flames.
   It grants immunity to clouds of flame.
   It enhances your fire magic.
   rF:        It greatly protects you from fire.
   rC:        It makes you very vulnerable to cold.
 M - a +2 buckler
 R - a +0 helmet (worn)
Jewellery
 d - a ring of ice (right hand)
 A - the ring of Ihimm (left hand) {Wiz Int+3 Dex+3}
   (You found it on level 6 of the Dungeon)

   [ring of wizardry]

   It improves your spell success rate.
   Int:       It affects your intelligence (+3).
   Dex:       It affects your dexterity (+3).
 C - a ring of positive energy
 H - an amulet of the acrobat (around neck)
 T - a ring of resist corrosion
Wands
 u - a wand of acid (1)
 z - a wand of digging (9)
 D - a wand of polymorph (28)
 W - a wand of iceblast (13)
 X - a wand of paralysis (15)
Scrolls
 a - a scroll of identify
 f - 8 scrolls of poison
 l - a scroll of brand weapon
 m - 2 scrolls of enchant armour
 p - 6 scrolls of blinking
 s - 8 scrolls of teleportation
 t - 5 scrolls of fear
 w - 5 scrolls of immolation
 F - 5 scrolls of magic mapping
 I - 7 scrolls of amnesia
 J - 5 scrolls of enchant weapon
 K - 3 scrolls of silence
 S - 3 scrolls of summoning
Potions
 b - 7 potions of magic
 c - 4 potions of heal wounds
 h - a potion of cancellation
 i - 7 potions of flight
 j - 7 potions of brilliance
 k - 2 potions of ambrosia
 o - 2 potions of might
 r - 10 potions of curing
 x - 5 potions of haste
 G - 8 potions of attraction
 Q - 4 potions of mutation
 V - a potion of invisibility
 Y - 3 potions of berserk rage


   Skills:
 - Level 12.1 Polearms
 - Level 1.7 Dodging
 - Level 1.7 Stealth
 + Level 16.5 Spellcasting
 - Level 7.3 Conjurations
 + Level 18.0 Ice Magic
 - Level 6.0 Air Magic


You had 9 spell levels left.
You knew the following spells:

 Your Spells              Type           Power      Damage    Failure   Level
a - Freeze                Ice            100%       1d11      0%          1
b - Frozen Ramparts       Ice            100%       1d16      0%          3
c - Ozocubu's Armour      Ice            100%       N/A       0%          3
d - Hailstorm             Conj/Ice       100%       3d20      1%          4
e - Ozocubu's Refrigerat  Ice            79%        4d25      1%          7
f - Airstrike             Air            44%        2d(7-23)  1%          4
g - Swiftness             Air            88%        N/A       1%          3
h - Freezing Cloud        Conj/Ice/Air   78%        6-21      1%          5
i - Polar Vortex          Ice            79%        N/A       30%         9

Your spell library contained the following spells:

 Spells                   Type           Power      Damage    Failure   Level
 Apportation              Tloc           66%        N/A       1%          1
 Magic Dart               Conj           100%       1d8       1%          1
 Necrotise                Necr           100%       1d9       1%          1
 Shock                    Conj/Air       100%       1d9       1%          1
 Summon Small Mammal      Summ           100%       N/A       1%          1
 Blink                    Tloc           66%        N/A       1%          2
 Call Imp                 Summ           33%        N/A       1%          2
 Ensorcelled Hibernation  Hex/Ice        100%       N/A       1%          2
 Poisonous Vapours        Pois/Air       100%       N/A       1%          2
 Confusing Touch          Hex            33%        N/A       1%          3
 Conjure Flame            Conj/Fire      96%        6-21      1%          3
 Gell's Gravitas          Tloc           33%        N/A       1%          3
 Ignite Poison            Fire/Tmut/Pois 65%        N/A       1%          3
 Lesser Beckoning         Tloc           33%        N/A       1%          3
 Mephitic Cloud           Conj/Pois/Air  80%        N/A       1%          3
 Spider Form              Tmut/Pois      33%        N/A       1%          3
 Teleport Other           Tloc           33%        N/A       1%          3
 Sticky Flame             Conj/Fire      96%        2d11      1%          4
 Summon Lightning Spire   Summ/Air       71%        N/A       1%          4
 Iskenderun's Battlesphe  Conj           75%        2d12      1%          5
 Lightning Bolt           Conj/Air       46%        1d66      1%          5
 Metabolic Englaciation   Hex/Ice        63%        N/A       1%          5
 Simulacrum               Ice/Necr       63%        N/A       1%          6
 Fireball                 Conj/Fire      48%        3d19      3%          5
 Anguish                  Hex/Necr       16%        N/A       5%          4
 Animate Dead             Necr           33%        N/A       5%          4
 Olgreb's Toxic Radiance  Pois           33%        N/A       5%          4
 Petrify                  Tmut/Erth      49%        N/A       5%          4
 Conjure Ball Lightning   Conj/Air       46%        3x3d16    5%          6
 Manifold Assault         Tloc           33%        N/A       14%         5
 Yara's Violent Unravell  Hex/Tmut       16%        3d8       14%         5
 Orb of Destruction       Conj           37%        9d11      21%         7
 Statue Form              Tmut/Erth      32%        N/A       58%         6
 Storm Form               Tmut/Air       35%        N/A       75%         7
 Enfeeble                 Hex            16%        N/A       98%         7
 Haunt                    Necr/Summ      16%        N/A       98%         7
 Infestation              Necr           16%        N/A       100%        8


Dungeon Overview and Level Annotations

Branches:
Dungeon (15/15)            Temple (0/1) D:6            Lair (5/5) D:8
  Swamp (3/4) Lair:3        Snake (0/4) Lair:3        Slime (0/5) Lair:5
    Orc (2/2) D:12            Elf (0/3) Orc:2        Vaults (0/5) D:14
 Depths (0/4) D:15          IceCv (visited)

Shops:
D:6 ?:=   D:15 [=**:   Orc:1 *   Orc:2 (=?:[

Portals:
Trove: D:13 (give 3 potions of resistance)


Innate Abilities, Weirdness & Mutations

You have an increased reservoir of magic. (+10% MP)
You shall have no god before yourself.
Your divine heritage dramatically boosts your attributes as you level up.


Message History

The eleionoma is lightly wounded.
The eleionoma is engulfed in blazing flames.
The eleionoma hits you!
Unknown command.
You hit the eleionoma.
The eleionoma is moderately wounded.
Unknown command.
You hit the eleionoma.
The eleionoma is moderately wounded.
The eleionoma is engulfed in blazing flames.
The eleionoma hits you.
Unknown command.
You barely miss the eleionoma.
The eleionoma is heavily wounded.
The eleionoma is engulfed in blazing flames.
The eleionoma touches a tree and draws upon its vitality.
The eleionoma is healed.
Unknown command.
You hit the eleionoma.
The eleionoma is lightly wounded.
The eleionoma is engulfed in blazing flames.
The eleionoma hurls a spray of splinters at you.
The spray of wooden splinters hits you!!
Unknown command.
The eleionoma is engulfed in blazing flames.
The eleionoma hurls a spray of splinters at you.
The spray of wooden splinters hits you!!
* * * LOW HITPOINT WARNING * * *
You climb upwards.
There is a stone staircase leading down here.
Unknown command.
You feel much better.
The eleionoma is engulfed in blazing flames.
The eleionoma splashes around in the water.
As you read the scroll of teleportation, it crumbles to dust.
You feel strangely unstable.
The eleionoma is engulfed in blazing flames.
The eleionoma hurls a spray of splinters at you.
The spray of wooden splinters hits you!!!
You die...

♣♣..♣~~~~~~~§§.~~~~~~~.♣~..
♣♣♣♣~~~...~~§.....~♣.♣♣♣♣~
♣~..~........♣♣~♣♣♣♣♣♣♣.
♣♣..♣.~.♣♣♣♣♣♣♣..♣♣~♣♣.~
♣♣♣♣~..~.~♣ ♣.~~~§.♣.~
♣♣♣~♣..♣♣ ♣.~~~~.♣.~
♣...§~.♣ ♣♣.~~.~.~~
♣♣R○○§~~♣♣♣♣♣.~♣♣♣~~
♣♣~☼@°~~~..♣.~~~♣♣♣..
♣~§°°°~~~....~~~.♣♣♣♣
♣~~~~~§§~.~~~~~.~♣
♣♣.~~~~§~~~~§.♣~♣♣
♣...~~~~~~~~...♣♣
♣♣~~~.~§.~~~~...~♣
♣~~~§..~~~~~~~..~♣
♣♣.~~...~~.......♣
♣♣~~♣♣♣♣♣♣♣♣♣♣♣♣♣


You could see an eleionoma.

Vanquished Creatures
  Nikola (Swamp:1)
  Rupert (Lair:4)
  Kirke (Swamp:2)
  A fenstrider witch (Swamp:1)
  An orc warlord (Orc:1)
  3 eleionomae
  2 bunyips (Swamp:3)
  A dire elephant (D:15)
  The ghost of ripuliukko the Thaumaturge, a journeyman GrEE of Vehumet (D:12)
  A fire dragon (Lair:5)
  3 vault guards (D:14)
  An ogre mage (Orc:2)
  A salamander tyrant (D:13)
  The ghost of HilariousDeathArtist the Fighter, a journeyman VSBe of Trog (D:13)
  Erolcha (Orc:2)
  A radroach (shapeshifter) (D:14)
  A catoblepas (D:14)
  2 ghost crabs
  A boulder beetle (D:11)
  11 hydras
  3 centaur warriors
  6 two-headed ogres
  9 alligators
  12 death yaks
  A tengu warrior (D:12)
  An orc high priest (Orc:1)
  Amaemon (D:9)
  Nergalle (Orc:2)
  4 skeletal warriors (D:14)
  A salamander mystic (D:13)
  3 goliath frogs
  4 spriggan druids
  The ghost of vampirul the Ruffian, a novice TrFi of Kikubaaqudgha (D:6)
  2 swamp dragons
  3 orc knights
  Pikel (D:8)
  An orange crystal statue (D:15)
  A lindwurm (Lair:3)
  A wizard (D:14)
  5 bog bodies
  7 ugly things (D:15)
  2 cyclopes (D:14)
  9 orc sorcerers
  2 wolf spiders
  5 will-o-the-wisps
  A moth of wrath (D:12)
  A manticore (D:12)
  5 salamanders
  4 elephants (Lair:5)
  Joseph (D:7)
  2 ice statues
  A guardian serpent (Lair:5)
  17 black mambas
  2 torpor snails
  Maggie (D:7)
  16 cane toads
  3 gargoyles
  An unseen horror (D:6)
  An orange demon (D:9)
  A yaktaur (D:14)
  A kobold demonologist (D:10)
  6 rime drakes
  13 komodo dragons
  A komodo dragon (shapeshifter) (D:15)
  A bloated husk (Swamp:2)
  5 trolls
  3 meliai (D:15)
  A meliai (shapeshifter) (D:14)
  8 hornets
  7 polar bears
  17 blink frogs
  7 slime creatures
  6 tyrant leeches
  10 dream sheep (Lair:5)
  Sigmund (D:3)
  6 spriggans
  A spriggan (shapeshifter) (D:15)
  7 wyverns (Lair:5)
  A vampire (D:11)
  2 wraiths (D:9)
  8 basilisks
  Grum (D:9)
  69 yaks
  5 steam dragons
  A redback (Lair:5)
  A death yak simulacrum (D:13)
  19 vampire mosquitoes
  2 hogs (Swamp:2)
  4 wargs
  Menkaure (D:5)
  A harpy simulacrum (D:15)
  10 swamp worms
  3 acid dragons
  26 water moccasins
  A swamp drake (Lair:5)
  19 orc warriors
  A black bear (D:7)
  A sky beast (D:7)
  9 centaurs
  30 wolves
  8 ogres
  A kobold brigand (D:8)
  A phantom (D:5)
  A scorpion (D:5)
  16 bullfrogs
  4 necrophages
  A gnoll sergeant (D:9)
  2 two-headed ogre simulacra (D:13)
  A wyvern zombie (D:6)
  A cane toad simulacrum (D:13)
  11 wights
  3 killer bees (D:9)
  3 howler monkeys
  2 centaur zombies (D:6)
  2 electric eels
  10 orc priests
  2 hounds
  4 jellies
  Crazy Yiuf (D:3)
  2 gnoll boudas
  A human zombie (D:6)
  2 boggart zombies (D:14)
  7 iguanas
  32 orc wizards
  A spriggan simulacrum (D:13)
  2 killer bee zombies (D:6)
  A mummy (D:6)
  A howler monkey zombie (D:6)
  16 gnolls
  3 naga simulacra (D:13)
  8 adders
  A shadow imp (D:6)
  A white imp (D:6)
  2 ufetubi
  A worm (D:3)
  2 dart slugs (D:2)
  72 orcs
  7 endoplasms
  4 giant cockroaches
  2 goblins
  4 hobgoblins
  3 quokkas (D:1)
  4 ball pythons
  4 bats (D:3)
  3 frilled lizards
  9 kobolds
  5 rats
769 creatures vanquished.

Vanquished Creatures (others)
  A hydra (Swamp:1)
  2 bloated husks (Swamp:1)
  A human (Swamp:2)
  A swamp worm (Swamp:1)
  13 foxfires
  56 fungi
  119 plants
193 creatures vanquished.

Grand Total: 962 creatures vanquished

Notes
Turn   | Place    | Note
-------+----------+-------------------------------------------
     0 | D:1      | McKennaii the Demigod Ice Elementalist began the quest for
                  | the Orb.
     0 | D:1      | Reached XP level 1. HP: 14/14 MP: 5/5
   932 | D:1      | Reached XP level 2. HP: 20/20 MP: 5/7
  1394 | D:2      | Reached skill level 4 in Ice Magic
  1556 | D:2      | Reached XP level 3. HP: 19/26 MP: 5/9
  1831 | D:2      | Learned a level 3 spell: Frozen Ramparts
  1835 | D:2      | Learned a level 3 spell: Ozocubu's Armour
  1863 | D:2      | Identified the +0 robe of the Desert {rCorr Dex+3}
  2507 | D:3      | Reached XP level 4. HP: 29/33 MP: 8/11
  2692 | D:3      | Found a runed translucent door.
  2693 | D:3      | Noticed Crazy Yiuf
  2893 | D:3      | Noticed Sigmund
  3154 | D:4      | Noticed an ogre
  3163 | D:4      | Killed an ogre
  3164 | D:4      | Reached skill level 5 in Ice Magic
  3164 | D:4      | Reached XP level 5. HP: 12/38 MP: 0/13
  4046 | D:3      | Killed Sigmund
  4047 | D:3      | Reached XP level 6. HP: 42/45 MP: 9/15
  4312 | D:3      | Killed Crazy Yiuf
  4466 | D:5      | Entered Level 5 of the Dungeon
  4475 | D:5      | Reached skill level 6 in Ice Magic
  4625 | D:5      | Reached XP level 7. HP: 34/50 MP: 7/17
  4836 | D:5      | Reached skill level 5 in Spellcasting
  5044 | D:5      | Learned a level 4 spell: Hailstorm
  5296 | D:5      | Reached skill level 1 in Conjurations
  5432 | D:5      | Reached skill level 7 in Ice Magic
  5617 | D:5      | Reached XP level 8. HP: 56/57 MP: 20/20
  5742 | D:5      | Noticed Menkaure
  5749 | D:5      | Killed Menkaure
  6245 | D:6      | Identified the ring of Ihimm {Wiz Int+3 Dex+3}
  6257 | D:6      | Found Kiothi's Jewellery Emporium.
  6399 | D:6      | Reached skill level 1 in Polearms
  6655 | D:6      | Found a staircase to the Ecumenical Temple.
  6706 | D:6      | Found a transporter.
  6784 | D:6      | Noticed vampirul's ghost (novice TrFi)
  6790 | D:6      | Found a transporter.
  6835 | D:6      | Found Otem's Vocational Training.
  6876 | D:6      | Found Zueh Yna's Magic Scroll Boutique.
  6879 | D:6      | Bought a scroll of teleportation for 36 gold pieces
  6879 | D:6      | Bought a scroll of blinking for 90 gold pieces
  7953 | D:7      | Identified the +8 hand axe of the Slime-mould {holy, Will+}
  8112 | D:7      | Reached skill level 8 in Ice Magic
  8174 | D:7      | Reached XP level 9. HP: 62/62 MP: 23/23
  8463 | D:7      | Noticed Maggie
  8472 | D:7      | Killed Maggie
  8694 | D:7      | Noticed Joseph
  8706 | D:7      | Killed Joseph
  8707 | D:7      | Reached skill level 5 in Polearms
  8707 | D:7      | Reached skill level 5 in Conjurations
  9164 | D:8      | Found a staircase to the Lair.
  9472 | D:9      | Noticed Pikel
  9478 | D:8      | Killed Pikel
  9619 | D:9      | Reached skill level 9 in Ice Magic
  9619 | D:9      | Reached XP level 10. HP: 51/69 MP: 25/25
  9834 | D:9      | Noticed a two-headed ogre
  9839 | D:9      | Killed a two-headed ogre
 10527 | D:9      | Noticed Amaemon
 10841 | D:9      | Killed Amaemon
 10944 | D:9      | Noticed Grum
 10959 | D:9      | Killed Grum
 11440 | D:10     | Entered Level 10 of the Dungeon
 11533 | D:10     | Reached XP level 11. HP: 74/74 MP: 21/28
 11543 | D:10     | Reached skill level 10 in Ice Magic
 12726 | D:10     | Learned a level 7 spell: Ozocubu's Refrigeration
 13281 | D:11     | Noticed a boulder beetle
 13376 | Lair:1   | Entered Level 1 of the Lair of Beasts
 13487 | Lair:1   | Reached skill level 10 in Polearms
 14692 | Lair:1   | Reached skill level 11 in Ice Magic
 15429 | Lair:2   | Reached skill level 10 in Spellcasting
 15430 | Lair:2   | Reached XP level 12. HP: 28/81 MP: 9/30
 16489 | Lair:3   | Found a staircase to the Snake Pit.
 16953 | Lair:3   | Found a staircase to the Swamp.
 17448 | Lair:4   | Noticed a five-headed hydra
 17762 | Lair:4   | Noticed Rupert
 17996 | D:11     | Killed a boulder beetle
 17997 | D:11     | Reached skill level 12 in Ice Magic
 18475 | D:12     | Noticed a two-headed ogre
 18477 | D:12     | Noticed a two-headed ogre
 18492 | D:12     | Noticed ripuliukko's ghost (journeyman GrEE)
 18493 | D:12     | Noticed a two-headed ogre
 18519 | D:12     | Learned a level 4 spell: Airstrike
 18546 | D:12     | Found a transporter.
 18558 | D:12     | Found a transporter.
 19008 | D:12     | Reached skill level 1 in Air Magic
 19147 | D:12     | Found a staircase to the Orcish Mines.
 19778 | D:6      | Killed vampirul's ghost
 20146 | D:13     | Identified the +0 robe of Untruth {rCorr Stlth+}
 20209 | D:13     | Found a portal to a secret trove of treasure.
 20212 | D:13     | Identified the +1 pair of boots "Agupnim" {-Tele rPois
                  | rF+++ SInv}
 20238 | D:13     | Found a frozen archway.
 20243 | D:13     | Noticed a six-headed hydra
 20392 | D:13     | Killed a six-headed hydra
 20535 | IceCv    | Entered an ice cave
 21088 | IceCv    | Reached XP level 13. HP: 79/86 MP: 33/33
 21958 | IceCv    | Reached skill level 13 in Ice Magic
 22875 | D:13     | Found a runed translucent door.
 22878 | D:13     | Noticed HilariousDeathArtist's ghost (journeyman VSBe)
 23142 | D:13     | Reached skill level 5 in Air Magic
 23355 | D:13     | Found the +3 salamander hide armour {Flames rF++ rC--}
 23794 | D:13     | Killed HilariousDeathArtist's ghost
 23900 | D:14     | Learned a level 3 spell: Swiftness
 23906 | D:14     | Learned a level 5 spell: Freezing Cloud
 25747 | D:14     | Found a gate to the Vaults.
 25755 | D:14     | Reached skill level 14 in Ice Magic
 26349 | D:15     | Entered Level 15 of the Dungeon
 26351 | D:15     | Found Jeupniaq's Assorted Antiques.
 26362 | D:15     | Bought a curved runed staff for 276 gold pieces
 26362 | D:15     | Bought a wand of iceblast (6) for 331 gold pieces
 26623 | D:15     | Reached XP level 14. HP: 93/93 MP: 13/35
 26926 | D:15     | Found Ullyger's Armour Boutique.
 26964 | D:15     | Found Bozaupn's Jewellery Shop.
 27099 | D:15     | Found Tyischo's Book Shoppe.
 27506 | D:15     | Found Egibupev's Assorted Antiques.
 27514 | D:15     | Bought a runed brass wand for 120 gold pieces
 27740 | D:15     | Found a staircase to the Depths.
 28526 | D:12     | Killed ripuliukko's ghost
 29202 | Lair:4   | Reached skill level 15 in Ice Magic
 30276 | Lair:4   | Killed Rupert
 30637 | Lair:5   | Entered Level 5 of the Lair of Beasts
 32681 | Lair:5   | Reached skill level 16 in Ice Magic
 32689 | Lair:5   | Reached XP level 15. HP: 56/99 MP: 7/38
 33037 | Lair:5   | Found a staircase to the Slime Pits.
 34607 | Orc:1    | Entered Level 1 of the Orcish Mines
 34610 | Orc:1    | Reached skill level 15 in Spellcasting
 34883 | Orc:1    | Found Ihuduheh's General Store.
 34892 | Orc:1    | Bought a scroll of acquirement for 676 gold pieces
 34892 | Orc:1    | Bought 2 potions of curing for 78 gold pieces
 34900 | Orc:1    | Acquired a book of the Spheres
 34906 | Orc:1    | Acquired 1134 gold pieces
 35642 | Orc:2    | Entered Level 2 of the Orcish Mines
 36447 | Orc:2    | Found a staircase to the Elven Halls.
 36453 | Orc:2    | Found Ahabb's Antique Weapon Shop.
 36885 | Orc:2    | Noticed Erolcha
 36887 | Orc:2    | Killed Erolcha
 37008 | Orc:2    | Found Afrov's Book Emporium.
 37135 | Orc:2    | Noticed Nergalle
 37137 | Orc:2    | Killed Nergalle
 37341 | Orc:2    | Found Roecluus's Antique Armour Emporium.
 37384 | Orc:2    | Found Tacy's Magic Scroll Shoppe.
 37395 | Orc:2    | Bought a scroll of acquirement for 728 gold pieces
 37395 | Orc:2    | Bought a scroll of teleportation for 42 gold pieces
 37395 | Orc:2    | Bought a scroll of summoning for 133 gold pieces
 37395 | Orc:2    | Bought a scroll of fear for 56 gold pieces
 37395 | Orc:2    | Bought a scroll of enchant armour for 105 gold pieces
 37399 | Orc:2    | Acquired the +3 Elemental Staff {rElec rF++ rC++ AC+5}
 37399 | Orc:2    | Found the +3 Elemental Staff {rElec rF++ rC++ AC+5}
 37431 | Orc:2    | Found Ejag's Jewellery Emporium.
 37886 | Swamp:1  | Entered Level 1 of the Swamp
 37894 | Swamp:1  | Reached skill level 17 in Ice Magic
 38031 | Lair:3   | Learned a level 9 spell: Polar Vortex
 38032 | Swamp:1  | Noticed Nikola
 38036 | Swamp:1  | Killed Nikola
 38570 | Swamp:1  | You fall into a shaft and drop 1 floor!
 38859 | Swamp:1  | Got the Folio of Calculation
 38861 | Swamp:1  | Noticed a fenstrider witch
 38868 | Swamp:1  | Killed a fenstrider witch
 40133 | Swamp:2  | Noticed Kirke
 40138 | Swamp:2  | Killed Kirke
 40563 | Swamp:2  | Reached XP level 16. HP: 105/105 MP: 32/41
 41508 | Swamp:3  | Reached skill level 18 in Ice Magic
 41509 | Swamp:3  | Noticed a tentacled monstrosity
 41713 | Swamp:2  | Killed from afar by an eleionoma

Illustrated notes

Levels and vault maps discovered:
D:1:      ncdulo_wetmaze, layout_loops_corners, st_stairs_7, solitary_fountain,
          grunt_decor_cap
D:2:      layout_basic, minmay_pentomino_t4
D:3:      layout_loops_cross, minivault_4, uniq_crazy_yiuf_cottage, uniq_sigmund
D:4:      layout_cave_pools
D:5:      layout_loops_ring, minmay_manual_mandibuliform, uniq_menkaure
D:6:      layout_basic, lemuel_mausoleum_altar_kikubaaqudgha,
          minmay_temple_entry_statues_fountains, gammafunk_ghost_arena,
          serial_shops, kennysheep_mini_moat, shop, nicolae_shop_vocational
D:7:      layout_loops_ring, uniq_maggie, uniq_joseph
D:8:      layout_gridville, dpeg_oklobed_lair, corexii_leaking_fountain
D:9:      layout_basic, abandoned_shop, nicolae_zen_rock_garden, uniq_pikel,
          uniq_grum, uniq_amaemon
D:10:     layout_gridville
D:11:     layout_rooms, chequers_serial_rivers_micro_b, minivault_22
D:12:     layout_basic, david_orc_5, gammafunk_ghost_wrathful_warriors
D:13:     layout_basic, nicolae_trove_entry_free_sample,
          portal_ice_cave_entry_ice_simulacra, hellmonk_ghost_happy_afterlife,
          hellmonk_guarded_unrand_salamander
D:14:     layout_stronghold, grunt_vaults_entry_fortified,
          nzn_wu_jian_council_hall, lemuel_zombie_altar_yredelemnul
D:15:     hangedman_depths_entry_try_elsewhere_first, layout_irregular_city,
          serial_column_ruins, column_ruins_hut, column_ruins_open_tiny,
          column_ruins_open_medium, column_ruins_open_small,
          column_ruins_columns_straight, serial_shops, shop,
          nicolae_diamond_shop, shop, nicolae_square_shop, shop,
          minmay_more_statues
Lair:1:   layout_loops_ring, chequers_serial_rivers_small_b, st_stairs_6,
          serial_bayou_pond_a
Lair:2:   layout_roguey, grunt_megastairs_4, serial_bayou_shore_b,
          infiniplex_staircase_pool, lemuel_fruit_tree
Lair:3:   layout_cave_shapes, swamp_mist_pool, minmay_snake_entry_six_corridors
Lair:4:   layout_cave_pods, grunt_megastairs_2, uniq_rupert
Lair:5:   hangedman_lair_tendril_chambers, layout_big_grid,
          guppyfry_lair_end_dragon, slime_entry_1
Swamp:1:  layout_basic_swamp, evilmike_swamp_ruin_wall, swamp_pool1,
          nicolae_swamp_spooky_pond, uniq_nikola
Swamp:2:  layout_basic_swamp, serial_swamp_ruin, evilmike_swamp_ruin_house_4,
          evilmike_swamp_ruin_rubble_1, hangedman_swamp_ruin_wall, uniq_kirke
Swamp:3:  layout_basic_swamp, nicolae_swamp_little_swirl, swamp_pool2,
          uniq_roxanne
Orc:1:    layout_caves, serial_shops, shop
Orc:2:    kennysheep_orc_mage_school, layout_caves, serial_shops,
          nicolae_shop_waterfront

Skill      XL: |  1  2  3  4  5  6  7  8  9 10 11 12 13 14 15 16 |
---------------+-------------------------------------------------+-----
Spellcasting   | 2 3 4 5 6 7 8 10 11 12 14 16 | 16.5
Ice Magic      | 4 5 6 7 8 9 11 12 14 16 17 18 | 18.0
Conjurations   | 2 4 5 7 |  7.3
Polearms       | 3 6 9 11 12 | 12.1
Air Magic      | 3 6 |  6.0
Dodging        | |  1.7
Stealth        | |  1.7

Action                   |  1- 3 |  4- 6 |  7- 9 | 10-12 | 13-15 | 16-18 || total
-------------------------+-------+-------+-------+-------+-------+-------++-------
Melee: Unarmed           |     9 |     5 |       |       |       |       ||    14
       Punch             |     1 |       |     2 |     5 |     1 |       ||     9
       Spear             |       |       |   251 |   451 |   100 |       ||   802
       Quarterstaff      |       |       |     7 |       |       |       ||     7
       Halberd           |       |       |       |       |   136 |       ||   136
       Staff             |       |       |       |       |       |     9 ||     9
 Cast: Freeze            |    61 |    58 |    37 |    42 |    30 |       ||   228
       Frozen Ramparts   |       |     7 |    42 |    76 |    14 |       ||   139
       Ozocubu's Armour  |       |     6 |    32 |    47 |     8 |       ||    93
       Hailstorm         |       |       |     3 |   118 |    17 |       ||   138
       Airstrike         |       |       |       |    10 |   293 |    24 ||   327
       Ozocubu's Refrige |       |       |       |     1 |   215 |    22 ||   238
Evoke: Wand              |       |       |     2 |    15 |       |       ||    17
  Use: Scroll            |       |    12 |     3 |     8 |    17 |     1 ||    41
       Potion            |       |       |       |     8 |     6 |     1 ||    15
 Stab: Sleeping          |       |       |     2 |       |       |       ||     2
Armor: Robe              |     9 |    14 |       |       |       |       ||    23
       Leather armour    |       |    10 |   155 |   200 |    75 |     6 ||   446
Dodge: Dodged            |    22 |    35 |   163 |   184 |    82 |     4 ||   490
